 Dungeon Crawl Stone Soup version 0.29.1-1-gd02db6906a (webtiles) character file.

Game seed: 8088482786537743583

4212 H0rd4k the Slicer (level 10, -1/76 (77) HPs)
             Began as a Human Artificer on Oct 10, 2022.
             Was an Initiate of Gozag.
             Slain by a chaos spawn (5 damage)
             ... summoned by a kobold demonologist
             ... on level 9 of the Dungeon.
             The game lasted 00:14:46 (12393 turns).

H0rd4k the Slicer (Human Artificer)                Turns: 12393, Time: 00:14:47

HP:   -1/76 (77)    AC:  7    Str: 12    XL:     10   Next: 54%
MP:   0/17          EV: 14    Int: 22    God:    Gozag
Gold: 1684          SH:  0    Dex: 14    Spells: 19/19 levels left

rFire   . . .      SeeInvis .   h - +2 dagger (venom)
rCold   . . .      Faith    .   (no shield)
rNeg    . . .      Spirit   +   b - +0 leather armour
rPois   .          Reflect  .   j - +0 helmet
rElec   .          Harm     .   (no cloak)
rCorr   .          Rampage  .   (no gloves)
Will    .....                   F - +2 pair of boots
Stlth   +.........              w - amulet of guardian spirit
HPRegen 0.22/turn               u - ring of wizardry
MPRegen 0.15/turn               E - +6 ring of intelligence

@: about to teleport, gold aura, lightly drained
A: no striking features
a: Renounce Religion, Potion Petition, Call Merchant, Bribe Branch


You were on level 9 of the Dungeon.
You worshipped Gozag.
Gozag was most pleased with you.
You visited 1 branch of the dungeon, and saw 9 of its levels.
You also visited: Ossuary.

You collected 1747 gold pieces.
You paid 63 gold pieces to Gozag.

Inventory:

Hand Weapons
 d - a +5 short sword
 g - a +0 dagger of freezing
 h - a +2 dagger of venom (weapon)
 l - a +4 shortbow
Armour
 b - a +0 leather armour (worn)
 j - a +0 helmet (worn)
 F - a +2 pair of boots (worn)
Jewellery
 u - a ring of wizardry (left hand)
 w - an amulet of guardian spirit (around neck)
 E - a +6 ring of intelligence (right hand)
 I - a ring of resist corrosion
Scrolls
 c - a scroll of silence {unknown}
 e - 3 scrolls of teleportation
 p - a scroll of amnesia
 q - a scroll of fear {unknown}
 r - a scroll of acquirement {unknown}
 s - a scroll of brand weapon {unknown}
 t - 2 scrolls of immolation {unknown}
 x - a scroll of enchant armour {unknown}
 y - a scroll of noise {unknown}
 z - 2 scrolls of identify
 C - 3 scrolls of magic mapping
 H - a scroll of enchant weapon {unknown}
Potions
 a - 2 potions of might
 f - 7 potions of curing
 i - 4 potions of flight
 k - 2 potions of berserk rage
 m - 3 potions of lignification
 n - 2 potions of heal wounds
 o - a potion of cancellation {unknown}
 v - 2 potions of ambrosia {unknown}
 B - 4 potions of haste
 D - 2 potions of invisibility {unknown}
 G - a potion of brilliance {unknown}
 J - a potion of mutation {unknown}
 K - 2 potions of attraction {unknown}
 L - a potion of experience {unknown}


   Skills:
 + Level 6.6 Fighting
 + Level 9.2 Short Blades
 - Level 0.3 Maces & Flails
 - Level 2.0 Armour
 + Level 7.1 Dodging
 - Level 1.0 Stealth
 * Level 5.1 Spellcasting
 - Level 3.0 Evocations


You had 19 spell levels left.
You didn't know any spells.
Your spell library contained the following spells:

 Spells                   Type           Power      Damage    Failure   Level
 Sandblast                Erth           10%        2d5       5%          1
 Blink                    Tloc           10%        N/A       8%          2
 Passwall                 Tmut/Erth      4%         N/A       8%          2
 Lesser Beckoning         Tloc           5%         N/A       16%         3
 Ozocubu's Armour         Ice            5%         N/A       16%         3
 Stone Arrow              Conj/Erth      10%        3d7       16%         3
 Fireball                 Conj/Fire      2%         3d4       77%         5
 Iskenderun's Battlesphe  Conj           5%         2d6       77%         5
 Manifold Assault         Tloc           5%         N/A       77%         5
 Metabolic Englaciation   Hex/Ice        2%         N/A       77%         5
 Conjure Ball Lightning   Conj/Air       2%         3x3d6     99%         6
 Orb of Destruction       Conj           2%         9d5       100%        7
 Simulacrum               Ice/Necr       Unusable   N/A       N/A         6

Dungeon Overview and Level Annotations

Branches:
Dungeon (9/15)             Temple (0/1) D:6         Ossuary (visited)
   Lair: D:8-11         Orc: D:9-12

Altars:
Elyvilon
Gozag
Hepliaklqana
Nemelex Xobeh
Okawaru
Qazlal
Trog
Uskayaw
Vehumet
Wu Jian
Xom

Annotations:
D:6 exclusion: downstairs
D:8 Grum, Maggie
D:9 exclusion: upstairs


Message History

You closely miss the kobold demonologist.
The kobold demonologist is moderately wounded.
The chaos spawn gores you.
* * * LOW HITPOINT WARNING * * *
The kobold demonologist gestures wildly while chanting.
You barely miss the kobold demonologist.
The kobold demonologist is moderately wounded.
You completely miss the kobold demonologist.
The kobold demonologist is moderately wounded.
The ufetubus closely misses you. The ufetubus misses you.
The kobold demonologist hits you but does no damage.
The chaos spawn barely misses you. The white imp gestures at you.
The puff of frost hits you!
* * * LOW HITPOINT WARNING * * *
The kobold demonologist gestures wildly while chanting.
The chaos spawn misses you. The ufetubus closely misses you.
The ufetubus misses you.
The chaos spawn attacks as you move away!
The chaos spawn barely misses you. The ufetubus attacks as you move away!
The ufetubus misses you.
The ufetubus hits you but does no damage.
The chaos spawn attacks as you move away!
The chaos spawn gores you.
* * * LOW HITPOINT WARNING * * *
You feel drained.
* * * LOW HITPOINT WARNING * * *
The ufetubus misses you. The ufetubus barely misses you.
As you read the scroll of teleportation, it crumbles to dust.
You feel strangely unstable. The ufetubus misses you.
The ufetubus barely misses you.
The shadow imp is distracted by your dazzling golden aura.
The chaos spawn closely misses you.
Unknown command.
The chaos spawn attacks as you move away!
The chaos spawn hits you!
* * * LOW HITPOINT WARNING * * *
Space warps horribly around you.
You die...
Your body crumbles into a pile of gold.

#...### #.....#
...............
##.....#
...............
.......#...............
.<.....#..............
.......#............#
.......# ...........#
.......###.....5....#
...........##5##@.>#
............#$#54..#
..........#...54#..#
..........##...##..#
............._.....#
#####.....##...##..#
#.....#.....#..#
##+##...#.#....#
...##.##...


You could see 2 chaos spawn, a white imp (summoned), a shadow imp (summoned) and
an ufetubus (summoned).

Vanquished Creatures
  Pikel (D:7)
  A wyvern (D:9)
  A yak (D:8)
  Menkaure (D:5)
  A steam dragon (D:7)
  An ice beast (D:7)
  A black bear (D:7)
  2 wolves (D:8)
  4 centaurs
  2 lemures (D:7)
  3 kobold brigands (D:8)
  2 phantoms
  A bullfrog (D:6)
  2 scorpions (D:5)
  A necrophage (D:4)
  9 wights
  2 howler monkeys
  4 crimson imps (D:3)
  3 jellies
  4 hounds
  2 gnoll boudas
  An orc priest (D:2)
  4 iguanas
  3 orc wizards
  8 mummies (Ossuary)
  9 gnolls
  10 adders
  A shadow imp (D:5)
  2 white imps (D:7)
  4 ufetubi
  3 worms
  A dart slug (D:4)
  19 orcs
  8 bats
  9 endoplasms
  3 giant cockroaches
  A gnoll zombie (Ossuary)
  10 goblins
  8 hobgoblins
  4 jackals (D:3)
  13 kobolds
  4 quokkas
  7 ball pythons
  4 frilled lizards
  2 hobgoblin zombies (Ossuary)
  A kobold zombie (Ossuary)
  2 orc zombies (Ossuary)
  15 rats
204 creatures vanquished.

Vanquished Creatures (collateral kills)
  A sky beast (D:6)
  A kobold brigand (D:6)
  A scorpion (D:6)
  2 gnolls (D:6)
  3 adders (D:6)
  7 orcs
  A kobold (D:7)
  A kobold zombie (Ossuary)
17 creatures vanquished.

Vanquished Creatures (others)
  A water moccasin (D:6)
  A black bear (D:6)
  A necrophage (D:6)
  2 wights (D:7)
  A jelly (D:6)
  3 orc wizards (D:6)
  An orc (D:2)
  A gnoll zombie (Ossuary)
11 creatures vanquished.

Grand Total: 232 creatures vanquished

Notes
Turn   | Place    | Note
-------+----------+-------------------------------------------
     0 | D:1      | H0rd4k the Human Artificer began the quest for the Orb.
     0 | D:1      | Reached XP level 1. HP: 15/15 MP: 1/1
   341 | D:1      | Reached XP level 2. HP: 13/21 MP: 2/2
   745 | D:1      | Reached skill level 1 in Short Blades
  1133 | D:1      | Reached XP level 3. HP: 26/26 MP: 3/3
  1966 | D:3      | Reached skill level 2 in Short Blades
  2148 | D:3      | Reached XP level 4. HP: 23/33 MP: 4/4
  2548 | D:3      | Found a stormy altar of Qazlal.
  2581 | D:3      | Found an iron altar of Okawaru.
  2753 | D:3      | Found an opulent altar of Gozag.
  2764 | D:3      | Became a worshipper of Gozag Ym Sagoz the Greedy
  2795 | D:3      | Found a shimmering altar of Xom.
  2815 | D:3      | Reached skill level 3 in Short Blades
  2815 | D:3      | Reached XP level 5. HP: 23/38 MP: 5/5
  3150 | D:3      | Reached skill level 4 in Short Blades
  3150 | D:3      | Reached XP level 6. HP: 36/45 MP: 6/6
  3303 | D:3      | Found a faded altar of an unknown god.
  4600 | D:4      | Reached skill level 5 in Short Blades
  4600 | D:4      | Reached XP level 7. HP: 51/51 MP: 7/7
  5204 | D:4      | Found an ornate altar of the Wu Jian Council.
  5290 | D:4      | Reached skill level 1 in Spellcasting
  5752 | D:5      | Entered Level 5 of the Dungeon
  5947 | D:5      | Reached XP level 8. HP: 20/58 MP: 3/10
  6307 | D:5      | Reached skill level 6 in Short Blades
  6903 | D:5      | Noticed Menkaure
  6908 | D:5      | Killed Menkaure
  7656 | D:6      | Reached skill level 7 in Short Blades
  7661 | D:6      | Reached XP level 9. HP: 66/66 MP: 13/13
  7678 | D:6      | Found a staircase to the Ecumenical Temple.
  7706 | D:6      | Found a sand-covered staircase.
  7715 | Ossuary  | Entered an ossuary
  8005 | Ossuary  | Reached skill level 5 in Fighting
  8854 | D:6      | Reached skill level 5 in Dodging
  8933 | D:6      | Found a bloodstained altar of Trog.
  9058 | D:7      | Found a sparkling altar of Nemelex Xobeh.
  9058 | D:7      | Found a hazy altar of Hepliaklqana.
  9058 | D:7      | Found a white marble altar of Elyvilon.
 10313 | D:7      | Noticed Pikel
 10348 | D:7      | Killed Pikel
 10349 | D:7      | Reached skill level 8 in Short Blades
 10788 | D:7      | Reached XP level 10. HP: 47/76 MP: 11/16
 11529 | D:8      | Found a hide-covered altar of Uskayaw.
 11561 | D:8      | Noticed Grum
 11604 | D:8      | Reached skill level 9 in Short Blades
 11960 | D:8      | Noticed Maggie
 12069 | D:8      | Reached skill level 5 in Spellcasting
 12341 | D:9      | Found a radiant altar of Vehumet.
 12367 | D:9      | Noticed a kobold demonologist
 12393 | D:9      | Slain by a chaos spawn

Illustrated notes

Levels and vault maps discovered:
D:1:      sevenhm_arrival_forest_fort_large_1, layout_loops_ring,
          kennysheep_minor_cross
D:2:      cheibrodos_pilgrimage, layout_loops_ring
D:3:      minmay_skewed_foursquare, layout_loops_cross,
          nicolae_gozag_cash_rules_everything_around_me, led_xom_imps,
          nicolae_overflow_hidden_temple, chequers_ecumenical_altar_simple_redux
D:4:      layout_loops_corners, pdpol_wu_jian_five_deadly_venoms
D:5:      layout_gridville, kennysheep_donut, uniq_menkaure
D:6:      layout_loops_ring, minmay_temple_entry_junction,
          nicolae_ossuary_entry_monument,
          hangedman_abyss_or_decor_jellyfish_corner, minmay_ruined_shrine
D:7:      layout_gridville, grunt_temple_overflow_open, uniq_pikel
D:8:      layout_cave_pools, lemuel_doored_altar, minmay_unpleasant_kobolds,
          uniq_maggie, uniq_grum
D:9:      layout_irregular_city, mainiacjoe_overflow_small_starburst,
          dpeg_lair_monsters, laboratory

Skill      XL: |  1  2  3  4  5  6  7  8  9 10 |
---------------+-------------------------------+-----
Short Blades   | 1 2 3 4 5 7 8 9 |  9.2
Fighting       | 2 3 4 6 |  6.6
Dodging        | 2 3 4 5 7 |  7.1
Spellcasting   | 1 3 4 5 |  5.1
Maces & Flails | |  0.3
Armour         | |  2.0
Stealth        | |  1.0
Evocations     | |  3.0

Action                   |  1- 3 |  4- 6 |  7- 9 | 10-12 || total
-------------------------+-------+-------+-------+-------++-------
Melee: Club              |    19 |       |       |       ||    19
       Dagger            |   102 |   251 |   512 |   210 ||  1075
       Punch             |     1 |     4 |     9 |     6 ||    20
       Short sword       |       |       |       |    37 ||    37
Evoke: Wand              |     3 |       |    45 |     9 ||    57
  Use: Scroll            |       |       |    11 |     5 ||    16
       Potion            |       |       |       |     1 ||     1
 Stab: Sleeping          |     3 |     2 |     7 |       ||    12
       Distracted        |       |       |     1 |       ||     1
Armor: Leather armour    |    37 |    63 |    77 |    66 ||   243
Dodge: Dodged            |    73 |   119 |   226 |   205 ||   623
